 Dungeon Crawl Stone Soup version 0.27-a0-1456-gf5a116941d (webtiles) character file.

Game seed: 13563412359486139603

121 Lanoc the Chiller (level 4, -1/39 HPs)
             Began as a Troll Ice Elementalist on July 6, 2021.
             Was an Initiate of Sif Muna.
             Slain by an ogre (13 damage)
             ... on level 7 of the Dungeon.
             The game lasted 00:03:51 (2473 turns).

Lanoc the Chiller (Troll Ice Elementalist)          Turns: 2473, Time: 00:03:51

Health: -1/39      AC:  4    Str: 16    XL:     4   Next: 76%
Magic:  1/4        EV: 10    Int: 12    God:    Sif Muna [......]
Gold:   168        SH:  5    Dex: 10    Spells: 1/5 levels left

rFire    . . .     SeeInvis .   (no weapon)
rCold    . . .     Faith    .   (no shield)
rNeg     . . .     Spirit   .   a - +0 robe
rPois    .         Reflect  +   (helmet restricted)
rElec    .         Harm     .   (no cloak)
rCorr    .         Rampage  .   (gloves unavailable)
Will     +....                  (boots unavailable)
Stlth    +.........             h - amulet of reflection
HPRegen  1.13/turn              i - ring of willpower
MPRegen  0.09/turn              (no ring)

@: freezing walls
A: large, unfitting armour, claws 3, regeneration 1, shaggy fur 1, tough skin 1
a: Renounce Religion


You were on level 7 of the Dungeon.
You worshipped Sif Muna.
Sif Muna was noncommittal.
You visited 2 branches of the dungeon, and saw 6 of its levels.

You collected 168 gold pieces.

Inventory:

Armour
 a - a +0 robe (worn)
Jewellery
 h - an amulet of reflection (around neck)
 i - a ring of willpower (left claw)
 l - a ring of willpower
Scrolls
 c - 2 scrolls of enchant weapon {unknown}
 d - a scroll of teleportation {unknown}
 e - a scroll of enchant armour {unknown}
 j - 3 scrolls of identify {unknown}
 m - a scroll of noise {unknown}
Potions
 b - a potion of heal wounds {unknown}
 f - 3 potions of flight {unknown}
 g - a potion of attraction {unknown}
 k - a potion of mutation {unknown}


   Skills:
 + Level 2.6 Dodging
 - Level 1.0 Stealth
 - Level 1.2 Spellcasting
 * Level 4.2 Ice Magic


You had one spell level left.
You knew the following spells:

 Your Spells              Type           Power      Damage    Failure   Level
a - Freeze                Ice            40%        1d6       5%          1
b - Frozen Ramparts       Ice            20%        1d4       16%         3

Your spell library contained the following spells:

 Spells                   Type           Power      Damage    Failure   Level
 Shock                    Conj/Air       0%         1d3       30%         1
 Ozocubu's Armour         Ice            10%        N/A       16%         3
 Swiftness                Air            0%         N/A       65%         3
 Hailstorm                Conj/Ice       5%         3d4       77%         4
 Airstrike                Air            0%         N/A       96%         4


Dungeon Overview and Level Annotations

Branches:
Dungeon (4/15)             Temple (1/1) D:4

Altars:
Ashenzari
Cheibriados
Dithmenos
Elyvilon
Fedhas
Gozag
Kikubaaqudgha
Makhleb
Nemelex Xobeh
Okawaru
Sif Muna
Trog
Uskayaw
Vehumet
Wu Jian
Xom
Yredelemnul
The Shining One

Shops:
D:4 (


Innate Abilities, Weirdness & Mutations

You are too large for most types of armour.
You have claws for hands.
Your natural rate of healing is unusually fast.
You are covered in fur. (AC +1)
You have tough skin. (AC +1)


Message History

The wall freezes the shadow imp but does no damage.
The shadow imp hits you.
The wall freezes the bullfrog.
The bullfrog seems to slow down.
You barely miss the ogre.
The ogre is moderately wounded.
The wall freezes the bullfrog.
The bullfrog seems to slow down.
The shadow imp completely resists.
The wall freezes the shadow imp but does no damage.
The shadow imp gestures at you. You resist with some effort.
The wall freezes the ogre.
The ogre barely misses you.
You scratch the ogre but do no damage.
The ogre is heavily wounded.
The wall freezes the bullfrog. x2; The shadow imp completely resists.
The wall freezes the shadow imp but does no damage.
The shadow imp completely misses you.
You scratch the ogre.
The ogre is heavily wounded.
The wall freezes the ogre.
The ogre barely misses you.
The wall freezes the bullfrog.
The shadow imp completely resists.
The wall freezes the shadow imp but does no damage.
The shadow imp hits you but does no damage.
The wall freezes the bullfrog.
You barely miss the ogre.
The ogre is heavily wounded.
The wall freezes the ogre.
The ogre hits you with a +0 giant spiked club!!
Ouch! That really hurt!
The wall freezes the bullfrog.
The shadow imp completely resists.
The wall freezes the shadow imp but does no damage.
The shadow imp hits you.
* * * LOW HITPOINT WARNING * * *
You are too injured to fight recklessly!
You scratch the ogre.
The ogre is severely wounded.
A killer bee comes into view.
The wall freezes the bullfrog.
The bullfrog seems to slow down.
The wall freezes the ogre.
The ogre hits you with a +0 giant spiked club!
You die...

#. .## # ..(
#. ... .###.#
## ..#.# ....
#.#.##.....
#.#.#@OF.....
#.....5#(....
..........#
...
####.#.#### y
.. .. ## #.#
#. #. #.


You could see an ogre, a bullfrog (slow), a killer bee (wandering) and a shadow
imp.

Vanquished Creatures
  An orc priest (D:3)
  2 adders (D:3)
  An adder skeleton (D:4)
  A worm (D:3)
  2 dart slugs
  5 orcs
  3 ball pythons
  6 endoplasms
  2 giant cockroaches
  7 hobgoblins
  6 jackals (D:2)
  A quokka (D:3)
  3 bats
  2 frilled lizards (D:3)
  2 goblins (D:3)
  9 kobolds
  6 rats
59 creatures vanquished.

Vanquished Creatures (others)
  2 plants (D:1)
2 creatures vanquished.

Grand Total: 61 creatures vanquished

Notes
Turn   | Place    | Note
-------+----------+-------------------------------------------
     0 | D:1      | Lanoc the Troll Ice Elementalist began the quest for the
                  | Orb.
     0 | D:1      | Reached XP level 1. HP: 16/16 MP: 1/1
    26 | D:1      | Reached skill level 3 in Ice Magic
   111 | D:1      | Reached XP level 2. HP: 21/24 MP: 2/2
   768 | D:2      | Found a snail-covered altar of Cheibriados.
   772 | D:2      | Reached XP level 3. HP: 29/31 MP: 3/3
  1076 | D:2      | Learned a level 3 spell: Frozen Ramparts
  1652 | D:3      | Reached XP level 4. HP: 39/39 MP: 4/4
  1735 | D:3      | Reached skill level 4 in Ice Magic
  2056 | D:4      | Found Xapa's Weapon Shoppe.
  2135 | D:4      | Found a staircase to the Ecumenical Temple.
  2153 | Temple   | Entered the Ecumenical Temple
  2400 | Temple   | Became a worshipper of Sif Muna the Loreminder
  2463 | D:4      | You fall into a shaft and drop 3 floors!
  2464 | D:7      | Noticed an ogre
  2464 | D:7      | Noticed a bullfrog
  2473 | D:7      | Slain by an ogre

Illustrated notes

Levels and vault maps discovered:
D:1:      dpeg_arrival_leaves_temple_mockup, layout_rooms,
          minmay_misc_feat_alley, st_stairs_9, serial_bayou_ford_a
D:2:      layout_basic, basic_altar
D:3:      layout_basic, serial_glass, glass_columns_b, glass_columns_a,
          minmay_strange_pillars
D:4:      corexii_shack_village, layout_cave_pools, temple_fountains,
          serial_rivers, chequers_serial_rivers_small_b,
          chequers_serial_rivers_room_a, chequers_serial_rivers_small_a,
          chequers_serial_rivers_small_3, chequers_serial_rivers_micro_e,
          ebering_ghost_inner_flame, serial_shops, shop,
          nicolae_shop_behind_doors
D:7:      layout_loops_cross, amethyst_killhole
Temple:   dpeg_five_rooms_temple

Skill      XL: |  1  2  3  4 |
---------------+-------------+-----
Ice Magic      | 3 4 |  4.2
Dodging        | 2 |  2.6
Stealth        | |  1.0
Spellcasting   | |  1.2

Action                   |  1- 3 |  4- 6 || total
-------------------------+-------+-------++-------
Melee: Unarmed           |   118 |    46 ||   164
 Cast: Frozen Ramparts   |     1 |     2 ||     3
       Freeze            |       |     1 ||     1
 Stab: Sleeping          |     4 |       ||     4
       Distracted        |     1 |       ||     1
Armor: Robe              |    36 |     6 ||    42
Dodge: Dodged            |    55 |    16 ||    71
Block: Other             |     9 |    10 ||    19

Table legend: (Time is in decaauts)
 A = Elapsed time spent in this place.
 B = Non-inter-level travel time spent in this place.
 C = Inter-level travel time spent in this place.
 D = Time resting spent in this place.
 E = Time spent auto-exploring this place.
 F = Levels seen in this place.
 G = Mean time per level.
                   A        B        C        D        E       F      G
               +--------+--------+--------+--------+--------+-----+--------+
         Total |   2483 |   2327 |    156 |      0 |   1933 |   6 |  413.8 |
       Dungeon |   2185 |   2112 |     73 |      0 |   1721 |   5 |  437.0 |
        Temple |    297 |    214 |     83 |      0 |    212 |   1 |  297.0 |
               +--------+--------+--------+--------+--------+-----+--------+

Top non-repeatable levels by time:
     D:3: 802 daAuts
     D:2: 743 daAuts
     D:1: 517 daAuts
  Temple: 297 daAuts
     D:4: 112 daAuts
     D:7: 9 daAuts
